 Dungeon Crawl Stone Soup version 0.25.0-9-g26727b657a (webtiles) character file.

Game seed: 7776180488679016617

449442 Flugkiller the Slayer (level 22, -16/240 HPs)
             Began as a Deep Dwarf Fighter on June 22, 2020.
             Was the Champion of Makhleb.
             Killed from afar by an orb of fire (48 damage)
             ... with a bolt of fire
             ... on level 4 of the Realm of Zot.
             The game lasted 00:20:09 (20708 turns).

Flugkiller the Slayer (Deep Dwarf Fighter)         Turns: 20708, Time: 00:20:10

Health: -16/240    AC: 46    Str: 30    XL:     22   Next: 86%
Magic:  9/9        EV: 10    Int: 12    God:    Makhleb [******]
Gold:   1400       SH: 26    Dex: 12    Spells: 21/21 levels left

rFire    . . .     SeeInvis .   R - +4 broad axe (vamp)
rCold    . . .     Gourm    .   f - +0 tower shield
rNeg     + . .     Faith    .   G - +9 plate armour of Defence {Str+3}
rPois    +         Spirit   .   N - +2 helmet
rElec    .         Reflect  +   j - +2 cloak
rCorr    .         Harm     .   I - +3 pair of gauntlets of War {Slay+5}
MR       +++..                  F - +0 pair of boots
Stlth    ..........             J - amulet of reflection
HPRegen  0.00/turn              p - +4 ring of protection
MPRegen  0.11/turn              o - ring of poison resistance

@: non-regenerating
A: damage resistance, heal wounds, negative energy resistance 1, sense
surroundings 3, no regeneration
}: 3/15 runes: serpentine, barnacled, silver
a: Heal Wounds, Minor Destruction, Lesser Servant of Makhleb, Major Destruction,
Greater Servant of Makhleb, Renounce Religion


You were on level 4 of the Realm of Zot.
You worshipped Makhleb.
Makhleb was exalted by your worship.
You were not hungry.

You visited 8 branches of the dungeon, and saw 43 of its levels.
You also visited: Sewer, Ice Cave and Desolation.

You collected 1655 gold pieces.
You spent 255 gold pieces at shops.

Inventory:

Hand Weapons
 R - a +4 vampiric broad axe (weapon)
   (You took it off a draconian knight on level 5 of the Depths)
Missiles
 y - 2 throwing nets (quivered)
Armour
 f - a +0 tower shield (worn)
   (You took it off Louise on level 14 of the Dungeon)
 j - a +2 cloak (worn)
   (You found it on level 4 of the Dungeon)
 F - a +0 pair of boots (worn)
   (You found it on level 11 of the Dungeon)
 G - the +9 plate armour of Defence (worn) {Str+3}
   (You took it off an orc warrior on level 12 of the Dungeon)

   It affects your strength (+3).
 I - the +3 pair of gauntlets of War (worn) {Slay+5}
   (You found it on level 12 of the Dungeon)

   It affects your accuracy and damage with ranged weapons and melee attacks
   (+5).
 N - a +2 helmet (worn)
   (You bought it in a shop on level 1 of the Vaults)
Jewellery
 k - an uncursed ring of resist corrosion
   (You found it on level 2 of the Depths)
 o - a ring of poison resistance (right hand)
   (You found it on level 9 of the Dungeon)
 p - a +4 ring of protection (left hand)
   (You found it on level 3 of the Dungeon)
 J - an amulet of reflection (around neck)
   (You found it on level 2 of the Depths)
 Q - an uncursed amulet of the acrobat
   (You took it off a yaktaur on level 5 of the Depths)
Wands
 g - a wand of iceblast (41)
   (You found it in an ice cave)
 u - a wand of acid (20)
   (You found it on level 11 of the Dungeon)
 v - a wand of digging (5)
   (You found it on level 2 of the Depths)
 E - a wand of paralysis (28)
   (You found it on level 11 of the Dungeon)
 O - a wand of clouds (7)
   (You found it on level 5 of the Depths)
Scrolls
 a - a scroll of fog
 h - 5 scrolls of fear
 i - 5 scrolls of immolation
 r - 10 scrolls of identify
 t - 10 scrolls of teleportation
 x - 6 scrolls of remove curse
 z - 3 scrolls of summoning
 A - a scroll of magic mapping
 M - a scroll of silence
Potions
 b - 5 potions of mutation
 d - 2 potions of might
 l - 3 potions of stabbing
 m - 4 potions of ambrosia
 q - 12 potions of curing
 s - 2 potions of magic
 w - 14 potions of heal wounds
 B - 4 potions of flight
 C - a potion of haste
 H - a potion of lignification
 K - a potion of cancellation
Comestibles
 c - 10 chunks of flesh
 e - 33 rations


   Skills:
 * Level 23.3 Fighting
 - Level 16.0 Axes
 + Level 19.8 Armour
 - Level 8.0 Dodging
 - Level 15.0 Shields
 - Level 15.0 Invocations


You had 21 spell levels left.
You didn't know any spells.
Your spell library was empty.

Dungeon Overview and Level Annotations

Branches:
Dungeon (15/15)            Temple (1/1) D:7            Lair (5/6) D:10
 Shoals (4/4) Lair:3        Snake (4/4) Lair:4          Orc (0/2) D:11
 Vaults (5/5) D:14         Depths (5/5) D:15            Zot (4/5) Depths:5
  Sewer (visited)           IceCv (visited)         Desolation (visited)
  Slime: Lair:5-6     Crypt: Vaults:2-3

Altars:
Ashenzari
Cheibriados
Dithmenos
Elyvilon
Fedhas
Gozag
Hepliaklqana
Kikubaaqudgha
Makhleb
Nemelex Xobeh
Okawaru
Qazlal
Ru
Sif Muna
Trog
Uskayaw
Vehumet
Wu Jian
Xom
Zin
The Shining One
Beogh

Shops:
D:13 (   Snake:3 [   Vaults:1 [

Portals:
Hell: Depths:1 Depths:2 Depths:4
Abyss: Depths:2
Ziggurat: Depths:2
Trove: D:11 (give +5 fire dragon scales)

Annotations:
Lair:1 exclusion: 3 oklob plants
Lair:2 2 transporters
Snake:4 3 runed translucent doors, funkygono's ghost, adept MiFi
Depths:2 1 transporter


Innate Abilities, Weirdness & Mutations

You are resistant to damage.
You can heal yourself by infusing magical energy.
You resist negative energy. (rN+)
You passively map a large area around you.
You do not regenerate.


Message History

The fireball explodes!
The fireball engulfs you!!!
* * * LOW HITPOINT WARNING * * *
The fireball engulfs the orb of fire.
The orb of fire completely resists.
You feel much better. You block the black draconian's attack.
You feel much better. You block the black draconian's attack.
The orb of fire glows yellow.
The bolt of fire hits you!!!
* * * LOW HITPOINT WARNING * * *
You feel much better.
The orb of fire emits a lurid red light.
The fireball explodes!
The fireball engulfs you!!
* * * LOW HITPOINT WARNING * * *
The fireball engulfs the orb of fire.
The orb of fire completely resists.
You block the black draconian's attack.
Okay, then.
Your magical essence is drained by the effort!
You feel much better.
The orb of fire glows red.
The bolt of fire hits you!!!
You die...

#.......##>,,***,*****,,,
#...#.d..#,,,*****,,⌠,,,,
#...*#...#8,,,,,,,,,,,,8,
#...*#...##**************
#...##....# *,,,,,
#......##.## *,****
####......d...## *,,,,,
#.........}..#.## *****,
#>......##*@.##.## *,
#........###.###.## *,
###.......##.# ##.## *,
#?.?.....#.#* ##.## *,
#####.......* ##.## *.
##......* ##.## #.
*#*....#* ##.## #.
*#.....** ##.## #.
##....,** ##<###.


You could see an orb of fire and a black draconian.

Vanquished Creatures
  Mara (Snake:4)
  Sojobo (Vaults:3)
  Margery (Vaults:3)
  Vashnia (Snake:2)
  7 caustic shrikes
  A curse toe (Zot:3)
  4 golden dragons
  A bone dragon (Depths:5)
  3 liches
  9 tentacled monstrosities
  2 quicksilver dragons
  4 titans (Vaults:5)
  3 sphinxes
  Kirke (Snake:4)
  4 storm dragons
  A shadow dragon (Depths:5)
  5 tengu reavers
  A draconian monk (Depths:5)
  Donald (Vaults:1)
  Ilsuiw (Shoals:4)
  5 fire giants
  4 frost giants
  An iron dragon (Depths:5)
  11 nagarajas
  A draconian knight (Depths:5)
  Louise (D:14)
  A draconian scorcher (Zot:3)
  A vault warden (Vaults:3)
  3 draconian shifters (Zot:4)
  7 ironheart preservers
  6 stone giants
  A war gargoyle (Vaults:5)
  5 very ugly things
  4 black draconians
  A deep elf demonologist (Vaults:5)
  4 green draconians
  3 white draconians
  A red draconian (Zot:1)
  A deep elf annihilator (Vaults:4)
  4 yellow draconians
  5 spark wasps (Depths:5)
  A purple draconian (Zot:1)
  A deep elf death mage (Vaults:4)
  Snorg (D:11)
  2 fire dragons
  3 ettins
  3 merfolk impalers (Shoals:4)
  4 merfolk javelineers
  6 ogre magi
  5 ice dragons
  Josephine (D:14)
  5 yaktaur captains
  3 great orbs of eyes
  3 spriggan air magi (Depths:4)
  A rakshasa (Depths:4)
  11 vault guards
  3 hydras
  21 naga warriors
  A catoblepas (D:9)
  7 anacondas
  A satyr (shapeshifter) (Vaults:5)
  6 merfolk aquamancers (Shoals:4)
  22 two-headed ogres
  A death yak (D:12)
  4 centaur warriors
  An alligator snapping turtle (Shoals:4)
  7 deep troll shamans
  2 tengu warriors
  5 shock serpents
  6 deep troll earth magi
  The ghost of Netaeli the Spriggan Cataclysm, a journeyman SpVM of Qazlal (D:12)
  24 naga sharpshooters
  Nergalle (Lair:1)
  Urug (Lair:4)
  8 hell knights
  6 spriggan berserkers
  A deep elf knight (Vaults:4)
  Sonja (D:13)
  A salamander mystic (Depths:5)
  2 iron trolls (Depths:5)
  24 deep trolls
  16 sea snakes
  A flayed ghost (Depths:2)
  2 unseen horrors
  6 necromancers
  2 naga ritualists
  Pikel (D:5)
  5 ironbrand convokers
  A deep elf archer (Vaults:5)
  6 harpies
  2 orc knights
  A phantasmal warrior (Vaults:5)
  3 mana vipers
  A wolf spider (Vaults:1)
  5 fauns
  8 deep elf magi
  26 ugly things
  5 cyclopes
  5 manticores
  A stone giant zombie (Vaults:3)
  8 elephants
  Maurice (D:11)
  2 centaur zombies
  5 moths of wrath
  6 salamanders
  A frost giant skeleton (Vaults:3)
  26 black mambas
  Joseph (D:9)
  A fire giant skeleton (Vaults:3)
  A water nymph (Shoals:3)
  2 vault sentinels
  8 merfolk sirens
  13 naga magi
  An ice statue (IceCv)
  A spiny frog (shapeshifter) (Vaults:2)
  6 guardian serpents
  2 gargoyles
  A redback zombie (D:15)
  10 spiny frogs
  2 rime drakes
  12 freezing wraiths
  23 yaktaurs
  An efreet (D:14)
  A kobold demonologist (D:14)
  5 komodo dragons
  4 trolls
  2 polar bears (shapeshifter)
  2 tengu conjurers (Depths:2)
  9 merfolk
  5 blink frogs (Lair:3)
  3 hornets
  6 snapping turtles
  8 slime creatures
  A snapping turtle (shapeshifter) (Depths:4)
  A blink frog (shapeshifter) (D:13)
  8 hippogriffs
  2 wind drakes (Shoals:2)
  2 dream sheep (Shoals:2)
  Grinder (D:6)
  A frost giant simulacrum (Vaults:3)
  Sigmund (D:3)
  6 spriggans
  5 water elementals
  A wyvern (D:9)
  2 shadows
  Eustachio (D:4)
  5 wraiths (D:14)
  A fire elemental (Depths:3)
  42 yaks
  4 basilisks
  2 golden eyes (shapeshifter)
  Grum (D:9)
  2 hungry ghosts
  3 hogs (Snake:4)
  A human (D:8)
  15 vampire mosquitoes
  Edmund (D:6)
  Menkaure (D:4)
  4 acid dragons
  51 nagas
  2 floating eyes (Depths:4)
  7 water moccasins
  10 porcupines
  9 ice beasts
  2 sky beasts
  An ettin simulacrum (Vaults:3)
  5 black bears
  A swamp drake (shapeshifter) (Depths:4)
  14 orc warriors
  An alligator simulacrum (IceCv)
  An eye of draining (D:14)
  10 ogres
  10 wolves
  A tengu (shapeshifter) (D:15)
  10 boggarts
  11 crocodiles
  6 centaurs
  A human skeleton (Vaults:4)
  21 bullfrogs
  2 gnoll sergeants
  4 earth elementals (Depths:3)
  A wyvern zombie (D:13)
  A wyvern skeleton (D:15)
  3 scorpions
  3 killer bees (D:11)
  An elephant simulacrum (IceCv)
  4 wights (D:7)
  An electric eel (D:12)
  4 draconian simulacra (IceCv)
  14 crimson imps
  A bullfrog zombie (D:6)
  4 hounds
  6 jellies
  5 centaur skeletons
  12 orc priests
  A bullfrog skeleton (D:4)
  10 orc wizards
  4 iguanas
  13 worker ants
  4 troll simulacra (IceCv)
  A spriggan simulacrum (IceCv)
  2 wolf simulacra (IceCv)
  4 centaur simulacra (IceCv)
  A hound skeleton (D:8)
  8 gnolls
  5 adders
  4 naga simulacra (IceCv)
  3 ogre simulacra (IceCv)
  A river rat (D:5)
  3 shadow imps
  26 white imps
  An ufetubus (D:12)
  An ooze (D:7)
  An adder skeleton (D:7)
  2 worms
  8 leopard geckos
  38 orcs
  7 giant cockroaches
  A goblin (D:1)
  12 jackals
  2 quokkas
  7 ball pythons
  8 frilled lizards
  2 kobolds (D:3)
  A quokka skeleton (D:6)
  3 rats
  5 fungi
  12 plants
1160 creatures vanquished.

Vanquished Creatures (collateral kills)
  A nagaraja (Snake:4)
  A naga warrior (Snake:4)
  2 hydras
  An anaconda (Snake:4)
  A shock serpent (Snake:4)
  An elephant (Lair:5)
  A black mamba (Snake:4)
  A guardian serpent (Snake:4)
  An orc (D:11)
10 creatures vanquished.

Vanquished Creatures (others)
  A fire giant (Depths:4)
  A great orb of eyes (Depths:2)
  Fannar (D:11)
  A harpy (Shoals:4)
  An ugly thing (Vaults:3)
  A salamander (Snake:4)
  A water nymph (Shoals:4)
  A tengu conjurer (D:13)
  A troll (D:12)
  A human (Snake:4)
  A naga (Snake:4)
  A boggart (Vaults:3)
  A howler monkey skeleton (D:5)
  An adder skeleton (D:5)
  An orc (D:5)
  A jackal skeleton (D:9)
  5 fungi
  10 plants
31 creatures vanquished.

Grand Total: 1201 creatures vanquished

Notes
Turn   | Place    | Note
-------+----------+-------------------------------------------
     0 | D:1      | Flugkiller the Deep Dwarf Fighter began the quest for the
                  | Orb.
     0 | D:1      | Reached XP level 1. HP: 20/20 MP: 1/1
   105 | D:2      | Noticed a worker ant
   107 | D:2      | Reached XP level 2. HP: 22/27 MP: 2/2
   113 | D:2      | Reached skill level 3 in Fighting
   113 | D:2      | Reached XP level 3. HP: 26/34 MP: 3/3
   136 | D:3      | Noticed Sigmund
   140 | D:3      | Reached XP level 4. HP: 18/42 MP: 4/4
   183 | D:3      | Killed Sigmund
   183 | D:3      | Reached XP level 5. HP: 40/49 MP: 4/4
   384 | D:4      | Noticed Menkaure
   392 | D:4      | Killed Menkaure
   392 | D:4      | Reached skill level 5 in Axes
   392 | D:4      | Reached XP level 6. HP: 25/57 MP: 4/4
   525 | D:4      | Reached skill level 4 in Fighting
   636 | D:4      | Reached skill level 5 in Shields
   636 | D:4      | Reached XP level 7. HP: 26/64 MP: 4/4
   657 | D:4      | Reached skill level 5 in Armour
   767 | D:4      | Noticed Eustachio
   784 | D:4      | Killed Eustachio
   877 | D:5      | Entered Level 5 of the Dungeon
   994 | D:5      | Noticed Pikel
  1010 | D:5      | Killed Pikel
  1010 | D:5      | Reached skill level 5 in Fighting
  1010 | D:5      | Reached XP level 8. HP: 55/74 MP: 4/4
  1244 | D:5      | Found a glowing drain.
  1376 | Sewer    | Entered a sewer
  1894 | D:6      | Noticed Edmund
  1925 | D:6      | Killed Edmund
  1925 | D:6      | Gained mutation: You passively map the area around you.
                  | [Deep Dwarf growth]
  1925 | D:6      | Reached XP level 9. HP: 41/81 MP: 5/5
  2068 | D:6      | Noticed Grinder
  2077 | D:6      | Killed Grinder
  2305 | D:6      | Found an ancient bone altar of Kikubaaqudgha.
  2378 | D:6      | Found a blossoming altar of Fedhas.
  2650 | D:7      | Reached skill level 6 in Fighting
  3142 | D:7      | Found a staircase to the Ecumenical Temple.
  3211 | Temple   | Entered the Ecumenical Temple
  3381 | Temple   | Became a worshipper of Makhleb the Destroyer
  3680 | D:8      | Found an iron altar of Okawaru.
  3779 | D:8      | Found a blossoming altar of Fedhas.
  3852 | D:8      | Reached skill level 1 in Invocations
  3884 | D:8      | Found a hazy altar of Hepliaklqana.
  3887 | D:8      | Noticed a two-headed ogre
  3913 | D:8      | Killed a two-headed ogre
  3913 | D:8      | Reached skill level 10 in Axes
  3913 | D:8      | Reached XP level 10. HP: 33/92 MP: 3/5
  4075 | D:8      | Found a snail-covered altar of Cheibriados.
  4239 | D:9      | Identified a scroll of acquirement
  4268 | D:9      | Noticed a two-headed ogre
  4273 | D:9      | Noticed a centaur warrior
  4273 | D:9      | Noticed a centaur warrior
  4291 | D:9      | Killed a centaur warrior
  4291 | D:9      | Reached skill level 7 in Fighting
  4295 | D:9      | Killed a two-headed ogre
  4296 | D:9      | Reached skill level 8 in Fighting
  4304 | D:9      | Killed a centaur warrior
  4321 | D:9      | Noticed a catoblepas
  4324 | D:9      | Reached * piety under Makhleb
  4344 | D:9      | Killed a catoblepas
  4344 | D:9      | Reached skill level 9 in Fighting
  4482 | D:9      | Reached XP level 11. HP: 47/106 MP: 6/6
  4518 | D:9      | Reached skill level 5 in Invocations
  4568 | D:9      | Noticed Grum
  4579 | D:9      | Killed Grum
  4626 | D:9      | Noticed Joseph
  4656 | D:9      | Killed Joseph
  4997 | D:10     | Entered Level 10 of the Dungeon
  5037 | D:10     | Reached ** piety under Makhleb
  5046 | D:10     | Reached skill level 10 in Fighting
  5048 | D:10     | Found a staircase to the Lair.
  5161 | Lair:1   | Entered Level 1 of the Lair of Beasts
  5307 | Lair:1   | Noticed Nergalle
  5310 | Lair:1   | Noticed an oklob plant
  5333 | Lair:1   | Killed Nergalle
  5480 | Lair:1   | Noticed an oklob plant
  5572 | Lair:1   | Noticed an oklob plant
  5608 | Lair:2   | Found a transporter.
  5658 | Lair:2   | Noticed an eight-headed hydra
  5682 | Lair:2   | Killed an 11-headed hydra
  5682 | Lair:2   | Reached skill level 11 in Fighting
  5716 | Lair:2   | Noticed a fire crab
  5844 | Lair:2   | Reached XP level 12. HP: 82/120 MP: 7/7
  5891 | Lair:2   | Found a transporter.
  6569 | Lair:3   | Noticed a four-headed hydra
  6576 | Lair:3   | Reached *** piety under Makhleb
  6708 | D:11     | Noticed Maurice
  6739 | D:11     | Killed Maurice
  6771 | D:11     | Noticed Snorg
  6785 | D:11     | HP: 4/122 [Snorg (14)]
  6893 | D:11     | Killed Snorg
  6893 | D:11     | Reached skill level 12 in Fighting
  6893 | D:11     | Reached skill level 10 in Armour
  6987 | D:11     | Reached skill level 10 in Shields
  7105 | D:11     | Found a portal to a secret trove of treasure.
  7197 | D:11     | Noticed Fannar
  7244 | D:11     | HP: 5/123 [Fannar/refrigeration (23)]
  7244 | D:11     | Killed Fannar
  7308 | D:11     | Found a staircase to the Orcish Mines.
  7463 | D:12     | Found a frozen archway.
  7484 | IceCv    | Entered an ice cave
  7499 | IceCv    | Reached **** piety under Makhleb
  7666 | IceCv    | Found an ancient bone altar of Kikubaaqudgha.
  7695 | IceCv    | Reached skill level 13 in Fighting
  7885 | IceCv    | Reached ***** piety under Makhleb
  8043 | D:12     | Reached XP level 13. HP: 81/133 MP: 2/2
  8404 | D:12     | Found a runed translucent gate.
  8404 | D:12     | Noticed Netaeli's ghost (journeyman SpVM)
  8405 | D:12     | Found a runed translucent gate.
  8406 | D:12     | Found a runed translucent gate.
  8406 | D:12     | Identified the +8 trident "Xipnoshredi" {flame, Dex+7}
  8406 | D:12     | Identified the +9 plate armour of Defence {Str+3}
  8412 | D:12     | Found a roughly hewn altar of Beogh.
  8413 | D:12     | Found the +3 pair of gauntlets of War {Slay+5}
  8555 | D:12     | Killed Netaeli's ghost
  9120 | Lair:3   | Reached skill level 14 in Fighting
  9178 | Lair:3   | You fall into a shaft and drop 2 floors!
  9299 | Lair:5   | Reached skill level 10 in Invocations
 10181 | Lair:4   | Noticed Urug
 10198 | Lair:4   | Killed Urug
 10486 | Lair:4   | Found a staircase to the Snake Pit.
 10904 | Lair:3   | Found a staircase to the Shoals.
 11162 | D:13     | Found Inolodyck's Weapon Boutique.
 11223 | D:13     | Gained mutation: You resist negative energy. (rN+) [Deep
                  | Dwarf growth]
 11223 | D:13     | Reached XP level 14. HP: 103/145 MP: 3/3
 11565 | D:13     | Noticed Sonja
 11579 | D:13     | Killed Sonja
 12006 | D:14     | Reached skill level 15 in Axes
 12062 | D:14     | Noticed Louise
 12087 | D:14     | Killed Louise
 12169 | D:14     | Found an opulent altar of Gozag.
 12198 | D:14     | Found a gate to the Vaults.
 12221 | D:14     | Reached skill level 1 in Dodging
 12226 | D:14     | Reached ****** piety under Makhleb
 12325 | D:14     | Noticed Josephine
 12334 | D:14     | Killed Josephine
 12536 | D:14     | Reached skill level 15 in Fighting
 12550 | D:15     | Entered Level 15 of the Dungeon
 12928 | D:15     | Reached XP level 15. HP: 154/154 MP: 5/5
 13193 | D:15     | Found a staircase to the Depths.
 13414 | Snake:1  | Entered Level 1 of the Snake Pit
 13517 | Snake:2  | Noticed a nagaraja
 13526 | Snake:2  | Killed a nagaraja
 13647 | Snake:2  | Noticed Vashnia
 13753 | Snake:2  | Killed Vashnia
 13753 | Snake:2  | Reached skill level 5 in Dodging
 13941 | Snake:3  | Found Dojeamisch's Antique Armour Shop.
 14068 | Snake:3  | Reached skill level 16 in Fighting
 14114 | Snake:4  | Entered Level 4 of the Snake Pit
 14150 | Snake:4  | Reached XP level 16. HP: 165/165 MP: 1/7
 14201 | Snake:4  | Noticed Kirke
 14216 | Snake:4  | Killed Kirke
 14402 | Snake:4  | Noticed Mara
 14426 | Snake:4  | Noticed Flugkiller's illusion
 14457 | Snake:4  | Killed Mara
 14629 | Snake:4  | Reached skill level 17 in Fighting
 14646 | Snake:4  | Reached XP level 17. HP: 176/176 MP: 9/9
 14743 | Snake:4  | Found a runed translucent gate.
 14743 | Snake:4  | Found a runed translucent gate.
 14743 | Snake:4  | Found a runed translucent gate.
 14744 | Snake:4  | Noticed funkygono's ghost (adept MiFi)
 14996 | Snake:4  | Got a serpentine rune of Zot
 15221 | Shoals:1 | Entered Level 1 of the Shoals
 15904 | Shoals:4 | Entered Level 4 of the Shoals
 15943 | Shoals:4 | Noticed Ilsuiw
 15984 | Shoals:4 | Killed Ilsuiw
 16097 | Shoals:4 | Reached skill level 15 in Invocations
 16142 | Shoals:4 | Reached skill level 18 in Fighting
 16142 | Shoals:4 | Gained mutation: You passively map a large area around you.
                  | [Deep Dwarf growth]
 16142 | Shoals:4 | Reached XP level 18. HP: 188/188 MP: 8/8
 16143 | Shoals:4 | Reached skill level 15 in Armour
 16143 | Shoals:4 | Reached skill level 15 in Shields
 16143 | Shoals:4 | Reached XP level 19. HP: 196/196 MP: 9/9
 16160 | Shoals:4 | Got a barnacled rune of Zot
 16438 | Vaults:1 | Entered Level 1 of the Vaults
 16447 | Vaults:1 | Found Xielusy's Antique Armour Boutique.
 16521 | Vaults:1 | Bought a shiny helmet for 255 gold pieces
 16575 | Vaults:1 | Noticed Donald
 16591 | Vaults:1 | Killed Donald
 16603 | Vaults:1 | Found a ruined gateway.
 16610 | Desolati | Entered the Desolation of Salt
 16829 | Vaults:3 | Reached XP level 20. HP: 206/206 MP: 10/10
 16893 | Vaults:3 | Noticed Margery
 16920 | Vaults:3 | Killed Margery
 16921 | Vaults:3 | Reached skill level 19 in Fighting
 17135 | Vaults:3 | Noticed Sojobo
 17196 | Vaults:3 | Killed Sojobo
 17402 | Vaults:5 | Entered Level 5 of the Vaults
 17453 | Vaults:5 | Reached skill level 20 in Fighting
 17496 | Vaults:5 | Noticed a golden dragon
 17521 | Vaults:5 | Killed a golden dragon
 17598 | Vaults:5 | Identified the Reference Book on the Glacier
 17606 | Vaults:5 | Got a silver rune of Zot
 17914 | Depths:1 | Entered Level 1 of the Depths
 17914 | Depths:1 | Found a gateway to Hell.
 17945 | Depths:1 | Reached XP level 21. HP: 220/220 MP: 11/11
 18175 | Depths:2 | Found a transporter.
 18179 | Depths:2 | Found a radiant altar of Vehumet.
 18554 | Depths:2 | Found a gateway to a ziggurat.
 18617 | Depths:2 | Found a one-way gate to the infinite horrors of the Abyss.
 18762 | Depths:4 | Reached skill level 21 in Fighting
 18831 | Depths:4 | Noticed a caustic shrike
 18865 | Depths:4 | Paralysed by a floating eye for 4 turns
 18874 | Depths:4 | Paralysed by a floating eye for 3 turns
 19012 | Depths:4 | Noticed a caustic shrike
 19030 | Depths:4 | Killed a caustic shrike
 19050 | Depths:4 | Noticed a golden dragon
 19079 | Depths:4 | Killed a golden dragon
 19118 | Depths:4 | Killed a caustic shrike
 19126 | Depths:4 | Noticed a golden dragon
 19137 | Depths:4 | Killed a golden dragon
 19406 | Depths:5 | Entered Level 5 of the Depths
 19408 | Depths:5 | Noticed a caustic shrike
 19408 | Depths:5 | Noticed a caustic shrike
 19425 | Depths:5 | Noticed a caustic shrike
 19428 | Depths:5 | Noticed a caustic shrike
 19429 | Depths:5 | Noticed a caustic shrike
 19430 | Depths:5 | Killed a caustic shrike
 19439 | Depths:4 | Killed a caustic shrike
 19447 | Depths:4 | Killed a caustic shrike
 19456 | Depths:4 | Killed a caustic shrike
 19456 | Depths:4 | Reached skill level 22 in Fighting
 19596 | Depths:5 | Killed a caustic shrike
 19599 | Depths:5 | Reached XP level 22. HP: 228/235 MP: 12/12
 20104 | Depths:5 | Found a gate to the Realm of Zot.
 20138 | Zot:1    | Entered Level 1 of the Realm of Zot
 20264 | Zot:2    | Reached skill level 23 in Fighting
 20322 | Zot:3    | Noticed a curse toe
 20459 | Zot:3    | Killed a curse toe
 20462 | Zot:3    | Noticed a golden dragon
 20486 | Zot:3    | Killed a golden dragon
 20688 | Zot:4    | Noticed an orb of fire
 20707 | Zot:4    | HP: 10/240 [orb of fire/fireball (31)]
 20708 | Zot:4    | Killed from afar by an orb of fire

Illustrated notes

Levels and vault maps discovered:
D:1:      lightli_molten_gateway, layout_loops_ring, serial_park_tiny_2
D:2:      minmay_angry_zag, layout_basic, uniq_natasha
D:3:      layout_basic, old_standard_altar, lemuel_altar_in_water, uniq_robin,
          uniq_crazy_yiuf_cottage, uniq_sigmund
D:4:      layout_cave_pools, minmay_quadrilaterals, uniq_eustachio,
          uniq_menkaure
D:5:      layout_rooms, first_ration, portal_sewer_entry_b, uniq_pikel
D:6:      layout_basic, fedhas_altar_3, nicolae_overflow_hidden_temple,
          minmay_tree_intersection, uniq_edmund, uniq_grinder
D:7:      layout_loops_ring, temple_doors_e
D:8:      layout_basic, marbit_many_paths, nicolae_overflow_crystal_walls,
          kennysheep_mini_moat, basic_altar, grunt_pizzeria
D:9:      layout_roguey, minivault_28, uniq_joseph, uniq_grum
D:10:     layout_loops_ring, due_lair_maze_entry_diamond
D:11:     layout_big_octagon, enter_trove_3, columned_hall_lemuel,
          minmay_lizard_king, uniq_maurice, uniq_fannar, uniq_snorg
D:12:     layout_cave_pools, biasface_ghost_orc_armoury, serial_ice,
          serial_ice_e, serial_ice_l, serial_ice_m, serial_ice_n,
          portal_ice_cave_entry_imps
D:13:     layout_roguey, serial_shops, nicolae_shop_window_shopping,
          dk_noncrumbling_3, uniq_sonja
D:14:     layout_loops_ring, lightli_vaults_fourway_checkpoint,
          nicolae_gozag_seed_capital, uniq_josephine, uniq_louise
D:15:     hangedman_depths_entry_civil_slaughter, layout_cave_pools,
          chequers_serial_rivers_small_a
Temple:   eino_temple_rhombus
Lair:1:   layout_misc_corridors, disabler_island, grunt_megastairs_4,
          uniq_nergalle
Lair:2:   gammafunk_cloud_chamber, layout_chaotic_city, beast_lair_carwin_8
Lair:3:   lemuel_slime, layout_gridlike, elwin_shoals_entry_rooms
Lair:4:   layout_gridlike, minmay_snake_entry_guardpost_medium, uniq_urug
Lair:5:   layout_regular_city, wad_woods_02
Shoals:1: layout_shoals, uniq_aizul, uniq_roxanne
Shoals:2: layout_shoals, nicolae_shoals_loop_pool
Shoals:3: layout_shoals, serial_shops, shop
Shoals:4: shoals_end_grunt_ice, layout_shoals, shoals_ilsuiw_ice, serial_shops,
          shop
Snake:1:  layout_rooms, st_stairs_1
Snake:2:  layout_chambers, serial_shops, shop, grunt_megastairs_3, uniq_vashnia,
          uniq_agnes
Snake:3:  layout_honeycomb, serial_shops, shop
Snake:4:  grunt_snake_rune_pools, layout_rooms, gammafunk_ghost_necromancy,
          uniq_mara, uniq_kirke
Vaults:1: ontoclasm_vaults_spin, nicolae_vaults_halls_meeting, vaults_mumra_lcd,
          ontoclasm_vaults_eye, nicolae_vaults_theta, v_misc_30,
          ontoclasm_vaults_gateway, v_misc_13, vaults_dpeg_encased_lava,
          layout_vaults_omnigrid, serial_shops, nicolae_shop_waterfront,
          portal_desolation_entry_ruin, uniq_donald
Vaults:2: dpeg_vaults_monster_row, hangedman_vaults_stream,
          nicolae_vaults_big_ls, nicolae_vaults_murderbox, vaults_dpeg_spiral,
          vaults_room_semicircle, nicolae_vaults_alarming,
          layout_vaults_chaotic_city, uniq_boris, uniq_frederick
Vaults:3: minmay_crypt_entry_simple_sparse, nicolae_vaults_fighting_squares,
          nicolae_vaults_network_star, v_misc_13, hangedman_vaults_capsules,
          v_pattern_1, vaults_mumra_minichess_inversion, v_misc_1,
          vaults_room_pools, v_alt_pattern_4, nicolae_vaults_little_ls,
          ontoclasm_vaults_ligature, ontoclasm_vaults_shuriken,
          nicolae_vaults_little_squares_5, vaults_room_fours,
          layout_vaults_maze_bifur, uniq_margery, uniq_sojobo
Vaults:4: v_rooms_5, v_misc_33, hangedman_vaults_nodes, v_misc_30,
          nicolae_vaults_windows_and_doors_thing, v_misc_27, v_alt_pattern_3,
          vaults_dpeg_ring, vaults_room_semicircle, vaults_room_grid,
          layout_vaults_omnibox
Vaults:5
Depths:1: layout_cave_pools, grunt_metal_band, nicolae_water_bricks,
          kennysheep_inner_square, firewood_loft
Depths:2: gammafunk_sealed_library, layout_gridlike, enter_ziggurat_e,
          chequers_big_river, abyss_entry, hell_entry, bh_walls_and_bars
Depths:3: radiant_caverns_a_rkd, hell_entry, pan_entry
Depths:4: minmay_blocking_statues, layout_twisted_cross, hell_entry,
          minmay_misc_feat_tiny, abyss_entry, grunt_megastairs_5,
          serial_bayou_shore_b
Depths:5: evilmike_zot_entry_round, layout_cave_pools, rand_demon_pan_entry_4,
          chequers_serial_rivers_micro_a, serial_glass, glass_columns_a,
          glass_columns_a, grunt_hell_entry_dis_mu, minmay_misc_feat_cross
Zot:1:    layout_cathedral_of_symmetry, lemuel_lake_of_fire, uniq_tiamat
Zot:2:    layout_cathedral_of_symmetry, grunt_ministairs_13
Zot:3:    layout_misc_corridors
Zot:4:    nicolae_zot_draconian_monastery, layout_misc_corridors

Skill      XL: |  1  2  3  4  5  6  7  8  9 10 11 12 13 14 15 16 17 18 19 20 21 22 |
---------------+-------------------------------------------------------------------+-----
Fighting       | 3 4 5 6 9 11 13 14 15 16 17 18 20 22 23 | 23.3
Axes           | 3 4 5 7 8 10 11 12 13 14 15 16 | 16.0
Armour         | 4 6 7 8 9 10 11 12 13 14 15 17 18 19 | 19.8
Shields        | 4 5 6 7 8 9 10 11 12 13 14 15 | 15.0
Invocations    | 2 4 7 8 10 11 12 14 15 | 15.0
Dodging        | 3 6 8 |  8.0

Action                   |  1- 3 |  4- 6 |  7- 9 | 10-12 | 13-15 | 16-18 | 19-21 | 22-24 || total
-------------------------+-------+-------+-------+-------+-------+-------+-------+-------++-------
Melee: War axe           |    24 |    66 |   320 |   870 |  1256 |   760 |  1138 |   216 ||  4650
       Unarmed           |       |       |       |       |       |     4 |       |       ||     4
       Broad axe         |       |       |       |       |       |       |       |   222 ||   222
Invok: Lesser Servant of |       |       |       |     3 |     6 |     2 |       |       ||    11
       Greater Servant o |       |       |       |       |       |     1 |       |       ||     1
 Abil: Heal Wounds       |       |     5 |    11 |    56 |     2 |    14 |       |    10 ||    98
Evoke: Wand              |       |       |     4 |    10 |       |       |     3 |       ||    17
  Use: Potion            |       |     2 |       |     5 |       |     4 |       |       ||    11
       Scroll            |       |     7 |     1 |    15 |    15 |     2 |     3 |     7 ||    50
 Stab: Invisible         |       |       |       |     4 |       |       |       |       ||     4
       Distracted        |       |       |       |     1 |       |       |       |       ||     1
       Confused          |       |       |       |       |     2 |       |       |       ||     2
  Eat: Chunk             |       |       |     8 |    11 |    15 |     4 |     6 |     5 ||    49
       Ration            |       |       |     1 |     2 |     2 |     1 |     2 |       ||     8
Armor: Scale mail        |    13 |    19 |       |       |       |       |       |       ||    32
       Chain mail        |       |       |   168 |     3 |       |       |       |       ||   171
       Plate armour      |       |       |       |   762 |   823 |   470 |   800 |   359 ||  3214
Dodge: Dodged            |     9 |    15 |    84 |   271 |   294 |   195 |   320 |   151 ||  1339
Block: Kite shield       |    17 |    19 |   229 |   735 |   444 |       |       |       ||  1444
       Tower shield      |       |       |       |       |   519 |   860 |  1301 |   583 ||  3263
       Reflection        |       |       |       |       |       |       |       |     2 ||     2
